 Dungeon Crawl Stone Soup version 0.16-a0-2611-g6d04fdd (webtiles) character file.

198 Leibowitz the Cutter (level 6, -1/36 HPs)
             Began as a Kobold Gladiator on Nov 22, 2014.
             Slain by Sigmund
             ... wielding a +0 scythe
              (11 damage)
             ... on level 3 of the Dungeon.
             The game lasted 00:10:14 (3681 turns).

Leibowitz the Cutter (Kobold Gladiator)             Turns: 3681, Time: 00:10:14

Health: -1/36      AC:  6    Str: 13    XL:     6   Next: 5%
Magic:  6/6        EV: 16    Int:  6    God:
Gold:   190        SH:  0    Dex: 19    Spells: 0 memorised, 5 levels left

rFire  . . .     SeeInvis .     a - +1 rapier
rCold  . . .     Clarity  .     b - +0 leather armour
rNeg   . . .     SustAb   .     (no shield)
rPois  .         Gourm    .     l - +0 helmet
rElec  .         Spirit   .     (no cloak)
rCorr  .         Warding  .     (no gloves)
rMut   +         Stasis   .     i - +1 pair of boots
MR     +....                    g - amulet of resist mutation
Stlth  +++.......               (no ring)
                                j - ring of protection from magic

@: somewhat resistant to hostile enchantments, fairly stealthy
A: carnivore 3
a: no special abilities


You were on level 3 of the Dungeon.
You were very full.

You visited 1 branch of the dungeon, and saw 3 of its levels.

You collected 190 gold pieces.

Inventory:

Hand weapons
 a - a +1 rapier (weapon)
Missiles
 d - 13 poisoned needles
Armour
 b - a +0 leather armour (worn)
 i - a +1 pair of boots (worn)
 l - a +0 helmet (worn)
Jewellery
 g - an amulet of resist mutation (around neck)
 j - a ring of protection from magic (left hand)
Magical devices
 m - a wand of magic darts (4)
Scrolls
 c - a scroll of remove curse
 e - 3 scrolls of identify
 h - 2 scrolls of magic mapping
 k - a scroll of recharging
Comestibles
 f - a meat ration
 n - a chunk of flesh
 p - a slice of pizza


   Skills:
 * Level 2.9 Fighting
 * Level 5.8 Short Blades
 + Level 2.8 Throwing
 + Level 0.8 Armour
 + Level 5.0 Dodging
 * Level 3.0 Stealth


You had 5 spell levels left.
You didn't know any spells.

Dungeon Overview and Level Annotations

Branches:
Dungeon (3/15)

Altars:
Cheibriados
Fedhas
Qazlal
Vehumet
The Shining One

Annotations:
D:3 Sigmund


Innate Abilities, Weirdness & Mutations

You are small and have problems with some larger weapons.
You are carnivorous and can eat meat at any time.


Message History

Sigmund is severely wounded.
Sigmund hits you with a scythe!
You hit Sigmund but do no damage.
Sigmund is severely wounded.
You hit Sigmund.
Sigmund is severely wounded.
Sigmund casts a spell.
Sigmund flickers and vanishes!
Deactivating autopickup; reactivate with Ctrl-A.
You barely miss something.
You hear some strange, mumbled words.
A puff of flame appears from out of thin air!
The puff of flame misses you.
You hit something.
You hear some strange, mumbled words.
The magic dart hits you!
You miss something. Something hits you.
* * * LOW HITPOINT WARNING * * *
You hit something. Something hits you!
You die...

..# #### #..# #.##.# #.
..###..# #..# #.##.# #.
.......####..####### #.##.#
#. #.##...##.......)..#
#.##.# #.
#............#####.####.##.#
#.
####.[(##.##.###.....).....#
#.
..................÷....).###
#.
.............###{#######.#
#. .....#..########@# #.# #.
####.....######..# #.# ####.
#.##'##♣≈≈##..# #.# #....
#.#♣P≈♣#♣♣≈'..# #.# #....
#.#≈♣♣≈♣#♣≈#..# #.####....
#.#≈ #♣≈♣≈♣##.# #.........
#.#♣#♣≈≈≈♣#♣#.# ######....
#.##♣≈♣≈♣#♣≈#.# #....
#..#≈♣#♣≈♣♣≈#.# #....


There were no monsters in sight!

Vanquished Creatures
  Jessica (D:3)
  Terence (D:3)
  8 adders
  A giant mite (D:1)
  4 worms
  A giant gecko (D:3)
  An orc (D:3)
  5 bats
  3 giant cockroaches (D:3)
  6 goblins
  6 hobgoblins
  8 jackals
  A quokka (D:3)
  3 ball pythons
  5 kobolds
  8 rats
  A plant (D:3)
63 creatures vanquished.

Notes
Turn   | Place    | Note
--------------------------------------------------------------
     0 | D:1      | Leibowitz, the Kobold Gladiator, began the quest for the Orb.
     0 | D:1      | Reached XP level 1. HP: 12/12 MP: 1/1
    69 | D:1      | Reached XP level 2. HP: 5/17 MP: 2/2
   819 | D:1      | Reached skill level 1 in Stealth
   910 | D:1      | Reached XP level 3. HP: 21/21 MP: 3/3
  1441 | D:1      | Reached skill level 5 in Short Blades
  1441 | D:1      | Reached XP level 4. HP: 20/27 MP: 4/4
  2166 | D:2      | Found a glowing golden altar of the Shining One.
  2166 | D:2      | Found a radiant altar of Vehumet.
  2235 | D:3      | Noticed Terence
  2245 | D:3      | Killed Terence
  2245 | D:3      | Reached XP level 5. HP: 28/31 MP: 5/5
  2321 | D:3      | Noticed Jessica
  2472 | D:3      | Killed Jessica
  2684 | D:3      | Noticed Sigmund
  2708 | D:3      | Found a snail-covered altar of Cheibriados.
  2894 | D:3      | Found a stormy altar of Qazlal.
  3017 | D:3      | Found a blossoming altar of Fedhas.
  3051 | D:3      | Reached skill level 5 in Dodging
  3349 | D:3      | Reached XP level 6. HP: 22/36 MP: 6/6
  3681 | D:3      | Slain by Sigmund

Action                   |  1- 3 |  4- 6 || total
-------------------------+-------+-------++-------
Melee: Rapier            |   105 |   309 ||   414
Throw: Throwing net      |     1 |     2 ||     3
  Use: Potion            |     4 |     3 ||     7
       Scroll            |       |     8 ||     8
 Stab: Held in net/web   |     1 |     1 ||     2
       Sleeping          |       |     3 ||     3
  Eat: Chunk             |    10 |     7 ||    17
